 Dungeon Crawl Stone Soup version 0.23.1 (webtiles) character file.

Game seed: 0

1427 eisn the Carver (level 8, -4/64 HPs)
             Began as a Hill Orc Fighter on Mar 13, 2019.
             Slain by Harold
             ... wielding a +0 trident
              (16 damage)
             ... on level 7 of the Dungeon.
             The game lasted 00:24:47 (5774 turns).

eisn the Carver (Hill Orc Fighter)                  Turns: 5774, Time: 00:24:48

Health: -4/64      AC:  8    Str: 19    XL:     8   Next: 72%
Magic:  8/8        EV:  7    Int: 10    God:
Gold:   253        SH:  0    Dex: 10    Spells: 7/7 levels left

rFire    . . .     SeeInvis .   w - +0 great sword
rCold    . . .     Gourm    .   (shield currently unavailable)
rNeg     . . .     Faith    .   m - +0 chain mail
rPois    .         Spirit   .   (no helmet)
rElec    .         Reflect  .   (no cloak)
rCorr    .         Harm     .   (no gloves)
MR       .....                  (no boots)
Stlth    ..........             (no amulet)
HPRegen  0.20/turn              (no ring)
MPRegen  0.11/turn              (no ring)

@: drained
A: no striking features
a: no special abilities


You were on level 7 of the Dungeon.
You were not hungry.

You visited 1 branch of the dungeon, and saw 7 of its levels.

You collected 253 gold pieces.

Inventory:

Hand Weapons
 a - a +1 long sword
 w - a +0 great sword (weapon)
Armour
 c - a +0 shield
 m - a +0 chain mail (worn)
 E - +0 swamp dragon scales
Jewellery
 d - a cursed ring of attention {unknown}
 k - a cursed ring of attention {unknown}
 n - a +4 ring of protection {unknown}
 o - an uncursed ring of poison resistance {unknown}
 s - an uncursed ring of protection from cold {unknown}
 x - a cursed ring of teleportation {unknown}
Wands
 t - a wand of iceblast (9)
 y - a wand of disintegration (30)
Scrolls
 e - a scroll of blinking {unknown}
 g - 2 scrolls of enchant weapon
 h - a scroll of remove curse
 i - 7 scrolls of teleportation
 l - 2 scrolls of random uselessness {unknown}
 p - a scroll of amnesia {unknown}
 u - a scroll of noise {unknown}
 v - 3 scrolls of identify {unknown}
 B - 2 scrolls of enchant armour {unknown}
 C - a scroll of fear {unknown}
Potions
 b - a potion of brilliance {unknown}
 j - 2 potions of haste {unknown}
 q - 2 potions of agility {unknown}
 r - a potion of invisibility {unknown}
 z - 2 potions of heal wounds {unknown}
 A - 3 potions of mutation {unknown}
Comestibles
 f - 12 rations
 D - 4 chunks of flesh


   Skills:
 - Level 3.6(3.0) Fighting
 + Level 11.4(10.7) Long Blades
 - Level 3.2(2.6) Armour
 - Level 3.2(2.6) Shields


You had 7 spell levels left.
You didn't know any spells.
Your spell library was empty.

Dungeon Overview and Level Annotations

Branches:
Dungeon (7/15)             Temple (0/1) D:6

Altars:
Elyvilon
Fedhas
Kikubaaqudgha

Shops:
D:5 %

Annotations:
D:7 Harold


Message History

Harold is lightly wounded.
Harold hits you with a +0 trident!
You hit Harold but do no damage.
Harold is lightly wounded.
Harold hits you but does no damage. The orc wizard casts a spell at you.
You resist with some effort.
Your chain mail prevents you from hitting Harold.
Harold is lightly wounded.
Harold hits you with a +0 trident!
* * * LOW HITPOINT WARNING * * *
The orc wizard closely misses you.
You hit Harold but do no damage.
Harold is lightly wounded.
Harold says, "I was hoping my final job would be more of a challenge, but money is money."
Harold hits you but does no damage.
The orc wizard hits you with a +0 dagger.
* * * LOW HITPOINT WARNING * * *
Harold hits you from afar with a +0 trident!
You die...

.........>.....................
#############[.######.#.##.##..
#..# #.#<# ##
#..######.......... ...
#..................
....#...#######.....#..
....'.@.# #.....#
#.o.#######.....#
..#...@......).....
.....................
###+#####÷#####+ #⌠...⌠##.#
#..#.(#.# +.###.).# #. #..#.#
#⌠...⌠##.# ###+### #+


You could see Harold and an orc wizard.

Vanquished Creatures
  Grinder (D:6)
  The ghost of FunkyPutin the Cudgeler, an amateur GrFi (D:4)
  A sky beast (D:5)
  An ice beast (D:6)
  A centaur (D:5)
  A bullfrog (D:7)
  A water moccasin skeleton (D:5)
  3 scorpions
  A wight (D:7)
  A bullfrog zombie (D:5)
  4 hounds
  An orc priest (D:4)
  2 iguanas
  A worker ant (D:5)
  An orc wizard (D:5)
  6 adders
  A shadow imp (D:5)
  An ooze (D:1)
  An adder zombie (D:5)
  2 worms
  A leopard gecko (D:5)
  14 orcs
  2 ball pythons
  4 giant cockroaches
  4 goblins
  13 hobgoblins
  28 jackals
  A kobold (D:3)
  4 quokkas
  5 bats
  3 frilled lizards
  11 rats
122 creatures vanquished.

Notes
Turn   | Place    | Note
-------+----------+-------------------------------------------
     0 | D:1      | eisn the Hill Orc Fighter began the quest for the Orb.
     0 | D:1      | Reached XP level 1. HP: 19/19 MP: 1/1
   108 | D:1      | Reached skill level 3 in Long Blades
   108 | D:1      | Reached XP level 2. HP: 22/26 MP: 2/2
   289 | D:1      | Reached XP level 3. HP: 31/31 MP: 3/3
   426 | D:1      | Reached skill level 4 in Long Blades
   927 | D:2      | Reached XP level 4. HP: 21/39 MP: 4/4
  1768 | D:3      | Reached skill level 5 in Long Blades
  2207 | D:3      | Reached XP level 5. HP: 35/45 MP: 5/5
  2535 | D:4      | Found a white marble altar of Elyvilon.
  2555 | D:4      | Reached skill level 6 in Long Blades
  2789 | D:4      | Reached XP level 6. HP: 51/51 MP: 6/6
  2842 | D:4      | Reached skill level 7 in Long Blades
  2928 | D:4      | Found a blossoming altar of Fedhas.
  2928 | D:4      | Found an ancient bone altar of Kikubaaqudgha.
  3132 | D:4      | Found a runed translucent door.
  3133 | D:4      | Noticed FunkyPutin's ghost (amateur GrFi)
  3160 | D:4      | Killed FunkyPutin's ghost
  3160 | D:4      | Reached skill level 8 in Long Blades
  3160 | D:4      | Reached XP level 7. HP: 6/57 MP: 7/7
  3637 | D:5      | Entered Level 5 of the Dungeon
  3955 | D:5      | Reached skill level 9 in Long Blades
  4333 | D:5      | Reached XP level 8. HP: 52/64 MP: 8/8
  4334 | D:5      | Found Vocuad's Food Boutique.
  4486 | D:6      | Reached skill level 10 in Long Blades
  4638 | D:6      | Found a staircase to the Ecumenical Temple.
  5154 | D:6      | Noticed Grinder
  5154 | D:6      | Paralysed by Grinder for 2 turns
  5176 | D:6      | Killed Grinder
  5176 | D:6      | Reached skill level 11 in Long Blades
  5767 | D:7      | Noticed Harold
  5774 | D:7      | Slain by Harold

Skill      XL: |  1  2  3  4  5  6  7  8 |
---------------+-------------------------+-----
Long Blades    | 3 4 5 6 8 9 11 | 11.4
Fighting       | |  3.6
Armour         | |  3.2
Shields        | |  3.2

Action                   |  1- 3 |  4- 6 |  7- 9 || total
-------------------------+-------+-------+-------++-------
Melee: Long sword        |   101 |   216 |    24 ||   341
       Great sword       |       |       |   169 ||   169
  Use: Potion            |       |     1 |       ||     1
       Scroll            |       |     3 |       ||     3
 Stab: Distracted        |       |       |     1 ||     1
  Eat: Chunk             |       |     3 |       ||     3
       Ration            |       |     2 |     2 ||     4
Armor: Scale mail        |    36 |       |       ||    36
       Chain mail        |       |   108 |   122 ||   230
Dodge: Dodged            |    29 |    29 |    71 ||   129
Block: Shield            |    42 |    96 |     8 ||   146
       Rpst.: Long sword |     6 |     7 |     3 ||    16
       Great sword       |       |       |    21 ||    21
